 Dungeon Crawl Stone Soup version 0.27-a0-1177-g245c70e1c0 (webtiles) character file.

Game seed: 14173609556926599636

48671 LabCoat the Severer (level 14, -2/124 HPs)
             Began as a Hill Orc Fighter on May 16, 2021.
             Was a High Priest of Trog.
             Succumbed to a spriggan rider's poison
             ... on level 6 of the Lair of Beasts.
             The game lasted 01:12:09 (20484 turns).

LabCoat the Severer (Hill Orc Fighter)             Turns: 20484, Time: 01:12:10

Health: -2/124     AC: 26    Str: 24    XL:     14   Next: 47%
Magic:  14/14      EV:  4    Int:  8    God:    Trog [*****.]
Gold:   1111       SH: 18    Dex: 10    Spells: 13/13 levels left

rFire    + . .     SeeInvis .   P - +8 whip "Snakebite" {curare, rPois}
rCold    + . .     Faith    .   c - +0 kite shield
rNeg     + + +     Spirit   .   m - +0 gold dragon scales
rPois    +         Reflect  +   k - +2 helmet
rElec    .         Harm     .   x - +0 cloak
rCorr    .         Rampage  .   v - +0 pair of gloves
Will     +....                  t - +0 pair of boots
Stlth    ..........             z - amulet of reflection
HPRegen  0.30/turn              B - ring of positive energy
MPRegen  0.14/turn              E - ring of the Tarantula {Fly rN++ Slay+2}

@: mighty, lethally poisoned (-2 -> -10), on berserk cooldown, flying, slowed,
very slow
A: no striking features
a: Renounce Religion, Berserk, Trog's Hand, Brothers in Arms


You were on level 6 of the Lair of Beasts.
You worshipped Trog.
Trog was extremely pleased with you.
You visited 3 branches of the dungeon, and saw 17 of its levels.
You also visited: Gauntlet.

You collected 1111 gold pieces.

Inventory:

Hand Weapons
 a - a +1 war axe of flaming
 f - a +3 broad axe
 P - the +8 whip "Snakebite" (weapon) {curare, rPois}
   (You found it on level 5 of the Lair of Beasts)

   It poisons the flesh of those it strikes.
   It protects you from poison.
Missiles
 u - 22 poisoned darts (quivered)
 K - 11 silver javelins
Armour
 c - a +0 kite shield (worn)
 k - a +2 helmet (worn)
 m - +0 gold dragon scales (worn)
 t - a +0 pair of boots (worn)
 v - a +0 pair of gloves (worn)
 x - a +0 cloak (worn)
Jewellery
 e - a +6 ring of intelligence
 h - a +6 ring of dexterity
 n - a ring of flight
 r - a ring of ice
 w - a +6 ring of intelligence
 y - a ring of ice
 z - an amulet of reflection (around neck)
 A - a ring of protection from cold
 B - a ring of positive energy (left hand)
 C - a ring of fire
 E - the ring of the Tarantula (right hand) {Fly rN++ Slay+2}
   (You found it in a Gauntlet)

   [ring of flight]

   It affects your accuracy and damage with ranged weapons and melee attacks
   (+2).
   It greatly protects you from negative energy.
   It grants you flight.
 G - a ring of willpower
 H - an amulet of the acrobat
 O - a ring of fire
Wands
 b - a wand of iceblast (7)
 l - a wand of digging (5)
 p - a wand of acid (6)
 D - a wand of polymorph (21)
 L - a wand of mindburst (9)
 M - a wand of flame (21)
Scrolls
 g - 7 scrolls of teleportation
 i - 4 scrolls of identify
 j - a scroll of fear
 q - 3 scrolls of magic mapping
 s - a scroll of enchant weapon
 F - 3 scrolls of fog
Potions
 d - a potion of might
 o - 5 potions of flight
 I - a potion of haste
 N - 2 potions of magic


   Skills:
 + Level 11.0 Fighting
 - Level 18.2(18.8) Axes
 * Level 7.9(12.8) Maces & Flails
 + Level 6.3 Throwing
 + Level 11.7 Armour
 + Level 12.0 Shields
 + Level 1.7 Evocations


You had 13 spell levels left.
You didn't know any spells.
Your spell library contained the following spells:

 Spells                   Type           Power      Damage    Failure   Level
 Animate Skeleton         Necr           0%         N/A       100%        1
 Apportation              Tloc           0%         N/A       100%        1
 Corona                   Hex            0%         N/A       100%        1
 Sandblast                Erth           0%         2d4       100%        1
 Summon Small Mammal      Summ           0%         N/A       100%        1
 Call Imp                 Summ           0%         N/A       100%        2
 Ensorcelled Hibernation  Hex/Ice        0%         N/A       100%        2
 Passwall                 Tmut/Erth      0%         N/A       100%        2
 Call Canine Familiar     Summ           0%         N/A       100%        3
 Confusing Touch          Hex            0%         N/A       100%        3
 Dazzling Flash           Conj/Hex       0%         N/A       100%        3
 Portal Projectile        Hex/Tloc       0%         N/A       100%        3
 Stone Arrow              Conj/Erth      0%         3d7       100%        3
 Summon Guardian Golem    Hex/Summ       0%         N/A       100%        3
 Tukima's Dance           Hex            0%         N/A       100%        3
 Petrify                  Tmut/Erth      0%         N/A       100%        4
 Summon Ice Beast         Ice/Summ       0%         N/A       100%        4
 Summon Lightning Spire   Summ/Air       0%         N/A       100%        4
 Borgnjor's Vile Clutch   Necr/Erth      0%         N/A       100%        5
 Lee's Rapid Deconstruct  Erth           0%         3d5*      100%        5
 Summon Forest            Summ/Tloc      0%         N/A       100%        5
 Summon Mana Viper        Hex/Summ       0%         N/A       100%        5
 Shadow Creatures         Summ           N/A        N/A       100%        6
 Statue Form              Tmut/Erth      0%         N/A       100%        6
 Summon Hydra             Summ           0%         N/A       100%        7


Dungeon Overview and Level Annotations

Branches:
Dungeon (10/15)            Temple (1/1) D:4            Lair (6/6) D:10
 Shoals (0/4) Lair:4       Spider (0/4) Lair:4        Slime (0/5) Lair:6
Gauntlet (visited)
    Orc: D:9-12

Altars:
Ashenzari
Cheibriados
Dithmenos
Elyvilon
Fedhas
Gozag
Hepliaklqana
Kikubaaqudgha
Makhleb
Nemelex Xobeh
Okawaru
Qazlal
Ru
Sif Muna
Trog
Uskayaw
Vehumet
Wu Jian
Xom
Yredelemnul
Zin
The Shining One

Annotations:
D:9 1 runed translucent door, Pagrax's ghost, novice TrBe
Lair:2 1 runed translucent door, exclusion: 2 oklob plants, Wuw Late's ghost, journeyman GrEE


Message History

You feel very mighty all of a sudden.
* * * LOW HITPOINT WARNING * * *
You feel extremely sick.
You hear some strange, mumbled words.
You block the spriggan rider's attack. You block the spriggan's attack.
The spriggan rider barely misses you.
You thrash the spriggan!!
The spriggan is poisoned.
The spriggan looks as sick as possible!
The spriggan convulses.
You kill the spriggan!
Trog accepts your kill.
You feel very sick.
A boggart comes into view.
You block something's attack. You block the spriggan rider's attack.
The spriggan rider hits you but does no damage.
Your deep troll goes berserk!
* * * LOW HITPOINT WARNING * * *
You feel very sick.
The boggart shouts!
You hear some strange, mumbled words.
You block the spriggan's attack.
You block the spriggan rider's attack. x2
The komodo dragon bites your deep troll.
The spriggan hits you with a +1 dagger of venom.
* * * LOW HITPOINT WARNING * * *
Okay, then.
As you read the scroll of fear, it crumbles to dust.
You assume a fearsome visage.
The spriggan rider looks frightened!
The spriggan rider resists with some effort.
The spriggan resists with almost no effort.
The komodo dragon looks frightened!
The boggart looks frightened!
* * * LOW HITPOINT WARNING * * *
You feel very sick.
The boggart gestures wildly while chanting.
The boggart blinks!
You block the spriggan rider's attack.
A spriggan comes into view. It is wielding a +0 dagger.
You block the spriggan's attack.
A spriggan comes into view. It is wielding a +0 dagger.
The spriggan rider hits you with a +1 spear of venom!
* * * LOW HITPOINT WARNING * * *
You hear a shout!
Okay, then.
You die...

...#.....#.P.............
P.........PP.............
.#............P...........
....P.......#.............
............#.............
.......l..................
......#.....P.............
......##..........#.......
.......†)@)i#.....P.......
.........#Ti..#...P.......
.......P†.#...............
..PPPP..P##.........#.....
...#P.P... ...§...P.......
.. ##..#.#....ii.. .
....P.......i.. .......#
...P... #........ ...


You could see 2 spriggan riders, a komodo dragon (summoned, fleeing), 3
spriggans and a friendly deep troll (summoned, berserk).

Vanquished Creatures
  A minotaur (Gauntlet)
  Fannar (Lair:1)
  5 hydras
  Harold (D:7)
  A two-headed ogre (D:9)
  4 death yaks (Gauntlet)
  A lindwurm (Lair:6)
  Pikel (D:4)
  A necromancer (Gauntlet)
  A manticore (Lair:4)
  An apocalypse crab (Gauntlet)
  15 elephants
  4 black mambas
  Joseph (D:10)
  A torpor snail (Lair:5)
  16 cane toads
  5 rime drakes (Lair:2)
  11 komodo dragons
  A queen bee (Gauntlet)
  3 trolls
  A polar bear (Lair:3)
  A wind drake (Lair:4)
  A hornet (Lair:6)
  Grinder (D:4)
  12 blink frogs
  5 spriggans
  A vampire (D:9)
  Eustachio (D:4)
  6 wyverns
  28 yaks
  A tarantella (Lair:4)
  10 steam dragons
  An acid dragon (Lair:2)
  Duvessa (D:7)
  17 water moccasins
  4 orc warriors
  A hornet zombie (D:5)
  Purgy (D:4)
  2 black bears
  A boggart (Lair:6)
  2 necrophages
  29 wolves
  2 ogres (D:6)
  5 centaurs
  A lemure (D:4)
  A kobold brigand (D:7)
  15 bullfrogs
  2 gnoll sergeants
  2 scorpions
  2 water moccasin zombies
  Dowan (D:7)
  A water moccasin skeleton (D:6)
  3 wights (D:6)
  20 killer bees
  An electric eel (D:9)
  A howler monkey (D:8)
  A bullfrog zombie (D:5)
  4 centaur zombies
  2 gnoll shamans
  2 orc priests (D:8)
  2 hounds
  2 jellies
  2 bullfrog skeletons (D:7)
  A centaur skeleton (D:7)
  Natasha (thrice) (D:4)
  4 iguanas
  Terence (D:2)
  3 hell rats (Lair:5)
  9 orc wizards
  A killer bee zombie (D:8)
  A hound skeleton (D:5)
  15 gnolls
  10 adders
  8 river rats (Lair:5)
  A shadow imp (D:4)
  A white imp (D:7)
  4 worms
  A dart slug (D:2)
  24 orcs
  8 bats
  6 endoplasms
  2 giant cockroaches
  9 goblins
  10 hobgoblins
  7 jackals
  8 kobolds
  4 quokkas
  9 ball pythons
  2 frilled lizards (D:1)
  14 rats
440 creatures vanquished.

Vanquished Creatures (collateral kills)
  A cane toad (Lair:4)
  A hornet (Lair:4)
  11 wolves (Lair:4)
13 creatures vanquished.

Vanquished Creatures (others)
  A rime drake (Lair:2)
  A steam dragon (Lair:2)
  An orc wizard (D:3)
  A rat (D:3)
  34 fungi
  28 plants
  4 withered plants (Gauntlet)
70 creatures vanquished.

Grand Total: 523 creatures vanquished

Notes
Turn   | Place    | Note
-------+----------+-------------------------------------------
     0 | D:1      | LabCoat the Hill Orc Fighter began the quest for the Orb.
     0 | D:1      | Reached XP level 1. HP: 19/19 MP: 1/1
   189 | D:1      | Reached XP level 2. HP: 23/27 MP: 2/2
   277 | D:1      | Reached skill level 3 in Axes
   698 | D:1      | Reached XP level 3. HP: 30/33 MP: 3/3
  1287 | D:2      | Reached skill level 4 in Axes
  1329 | D:2      | Noticed a scorpion
  1335 | D:2      | Killed a scorpion
  1336 | D:2      | Reached skill level 5 in Axes
  1336 | D:2      | Reached XP level 4. HP: 30/40 MP: 4/4
  1553 | D:2      | Reached XP level 5. HP: 46/46 MP: 5/5
  1570 | D:2      | Noticed Terence
  1579 | D:2      | Killed Terence
  1971 | D:3      | Found a faded altar of an unknown god.
  2041 | D:3      | Found a shimmering altar of Xom.
  2179 | D:3      | Noticed a black bear
  2187 | D:3      | Killed a black bear
  2188 | D:3      | Reached skill level 6 in Axes
  2188 | D:3      | Reached XP level 6. HP: 31/52 MP: 6/6
  2650 | D:3      | Reached skill level 1 in Throwing
  3246 | D:4      | Reached skill level 7 in Axes
  3296 | D:4      | Noticed Natasha
  3303 | D:4      | Killed Natasha
  3536 | D:4      | Noticed Natasha
  3547 | D:4      | Killed Natasha
  3576 | D:4      | Noticed Eustachio
  3595 | D:4      | Killed Eustachio
  3596 | D:4      | Reached XP level 7. HP: 55/60 MP: 7/7
  3647 | D:4      | Noticed Pikel
  3657 | D:4      | Killed Pikel
  3658 | D:4      | Reached skill level 9 in Axes
  3658 | D:4      | Reached skill level 5 in Armour
  3658 | D:4      | Reached XP level 8. HP: 45/67 MP: 8/8
  3803 | D:4      | Noticed Natasha
  3811 | D:4      | Killed Natasha
  3842 | D:4      | Noticed Grinder
  3852 | D:4      | Paralysed by Grinder for 6 turns
  3866 | D:4      | Killed Grinder
  4065 | D:4      | Noticed Purgy
  4073 | D:4      | Killed Purgy
  4203 | D:4      | Found a staircase to the Ecumenical Temple.
  4250 | D:5      | Entered Level 5 of the Dungeon
  4308 | Temple   | Entered the Ecumenical Temple
  4601 | Temple   | Became a worshipper of Trog the Wrathful
  4872 | D:5      | Noticed a troll
  5033 | D:4      | Killed a troll
  5034 | D:4      | Reached skill level 5 in Fighting
  5034 | D:4      | Reached skill level 10 in Axes
  5034 | D:4      | Reached skill level 5 in Shields
  5291 | D:5      | Reached XP level 9. HP: 43/74 MP: 9/9
  5776 | D:6      | Reached * piety under Trog
  6046 | D:6      | Reached skill level 11 in Axes
  7192 | D:6      | Found an ancient bone altar of Kikubaaqudgha.
  7863 | D:6      | Reached skill level 12 in Axes
  8602 | D:7      | Reached XP level 10. HP: 81/83 MP: 10/10
  8639 | D:7      | Noticed Dowan
  8645 | D:7      | Noticed Duvessa
  8656 | D:7      | Killed Duvessa
  8660 | D:7      | Killed Dowan
  8762 | D:7      | Noticed Harold
  8782 | D:7      | Killed Harold
  8848 | D:7      | Reached ** piety under Trog
  8877 | D:7      | Reached skill level 13 in Axes
  9018 | D:7      | Found a white marble altar of Elyvilon.
  9192 | D:8      | Found a blossoming altar of Fedhas.
  9591 | D:8      | Found an iron altar of Okawaru.
  9735 | D:8      | Reached *** piety under Trog
  9943 | D:8      | Reached skill level 14 in Axes
 10072 | D:9      | Found a runed translucent door.
 10080 | D:9      | Found a shimmering altar of Xom.
 10080 | D:9      | Noticed Pagrax's ghost (novice TrBe)
 10080 | D:9      | Noticed a +2 quarterstaff of chaos
 10212 | D:9      | Noticed a two-headed ogre
 10221 | D:9      | Killed a two-headed ogre
 10222 | D:9      | Reached XP level 11. HP: 56/92 MP: 11/11
 11239 | D:10     | Entered Level 10 of the Dungeon
 11549 | D:10     | Noticed Joseph
 11558 | D:10     | Reached skill level 15 in Axes
 11563 | D:10     | Killed Joseph
 11888 | D:10     | Found a staircase to the Lair.
 11897 | Lair:1   | Entered Level 1 of the Lair of Beasts
 11905 | Lair:1   | Reached skill level 5 in Throwing
 12227 | Lair:1   | Noticed an eight-headed hydra
 12238 | Lair:1   | Killed an eight-headed hydra
 12410 | Lair:1   | Reached skill level 16 in Axes
 12427 | Lair:1   | Reached **** piety under Trog
 12428 | Lair:1   | Reached XP level 12. HP: 73/102 MP: 12/12
 12504 | Lair:1   | Noticed Fannar
 12534 | Lair:1   | Killed Fannar
 13523 | Lair:1   | Noticed a six-headed hydra
 13535 | Lair:1   | Killed a six-headed hydra
 13536 | Lair:1   | Reached skill level 10 in Armour
 14183 | Lair:2   | Reached skill level 17 in Axes
 14783 | Lair:2   | Found a runed translucent door.
 14784 | Lair:2   | Noticed Wuw Late's ghost (journeyman GrEE)
 15669 | Lair:3   | Reached XP level 13. HP: 103/112 MP: 13/13
 16381 | Lair:4   | Reached ***** piety under Trog
 16382 | Lair:4   | Reached skill level 10 in Shields
 16420 | Lair:4   | Reached skill level 10 in Fighting
 16730 | Lair:4   | Found a gate leading to a gauntlet.
 16739 | Gauntlet | Entered a Gauntlet
 16739 | Gauntlet | Found a transporter.
 16739 | Gauntlet | Found a transporter.
 16741 | Gauntlet | Found a transporter.
 16742 | Gauntlet | Found the ring of Shadows {Umbra +Inv Stlth+}
 16742 | Gauntlet | Found a transporter.
 16744 | Gauntlet | Found a transporter.
 16757 | Gauntlet | Found a transporter.
 16761 | Gauntlet | Found a transporter.
 16871 | Gauntlet | Found a transporter.
 16871 | Gauntlet | Found a transporter.
 16874 | Gauntlet | Found a transporter.
 16891 | Gauntlet | Identified the ring of the Tarantula {Fly rN++ Slay+2}
 16893 | Gauntlet | Identified the Handbook of Dusty Execration
 16896 | Gauntlet | Found a runed translucent door.
 16923 | Gauntlet | Found a transporter.
 16925 | Gauntlet | Found a runed translucent door.
 17000 | Gauntlet | Found a transporter.
 17010 | Gauntlet | Found the +2 cloak of the Thief {*Fog Slay-2 SInv Stlth+}
 17047 | Gauntlet | Noticed a minotaur
 17059 | Gauntlet | Killed a minotaur
 17190 | Gauntlet | Identified the +0 scale mail "Xaoralu" {Regen+ Str+7 Dex-4}
 17270 | Lair:4   | Reached skill level 18 in Axes
 17285 | Lair:4   | Reached skill level 1 in Evocations
 17531 | Lair:4   | Reached skill level 1 in Maces & Flails
 17673 | Lair:4   | Found a hole to the Spider Nest.
 17849 | Lair:4   | Found a staircase to the Shoals.
 18799 | Lair:5   | Reached XP level 14. HP: 122/122 MP: 14/14
 18816 | Lair:5   | Reached skill level 5 in Maces & Flails
 19282 | Lair:5   | Found the +8 whip "Snakebite" {curare, rPois}
 20051 | Lair:6   | Entered Level 6 of the Lair of Beasts
 20107 | Lair:6   | Found a staircase to the Slime Pits.
 20483 | Lair:6   | HP: 1/124 [spriggan rider/+1 spear of venom (11)]
 20484 | Lair:6   | Succumbed to a spriggan rider's poison

Illustrated notes

Levels and vault maps discovered:
D:1:      dpeg_arrival_court, layout_loops_corners, minivault_19, minivault_27,
          minmay_quantized
D:2:      layout_rooms, uniq_terence
D:3:      layout_basic, xom_confusion_cloud, ebering_ecumenical_altar_webs,
          minmay_liquid_box, minmay_surrounded
D:4:      layout_basic, minmay_temple_entry_poolview,
          chequers_serial_rivers_micro_e, uniq_grinder, uniq_purgy,
          uniq_eustachio, uniq_pikel, uniq_natasha
D:5:      layout_rooms
D:6:      layout_basic, kiku_gazebo_pond_becter, grunt_ministairs_7
D:7:      layout_rooms, nicolae_elyvilon_peaceful_grove,
          kennysheep_generic_room_12, uniq_harold, uniq_duvessa
D:8:      layout_cave_pools, lemuel_coloured_pillars_altar,
          lemuel_crystal_altar, grunt_tough_drop
D:9:      layout_basic, ebering_ghost_xom
D:10:     layout_basic, lair_entry_dummy, uniq_joseph
Temple:   minmay_temple_bridge_d
Lair:1:   layout_hall_layers, uniq_fannar
Lair:2:   layout_loops_ring, ebering_ghost_reflecting_pool,
          bobbens_dragon_lair_wall, minmay_lair_oklob_chamber,
          serial_bayou_shore_a
Lair:3:   layout_hall_layers, nicolae_lair_grove_arrangements,
          infiniplex_staircase_pool_2
Lair:4:   layout_loops_ring, minmay_shoals_entry_beasts,
          spider_nest_entry_rubble, gauntlet_entry_generic,
          chequers_serial_rivers_micro_b, grunt_forest_large_clearings
Lair:5:   minmay_guarded_unrand_snakebite, layout_small_grid,
          kennysheep_abandoned_house
Lair:6:   minmay_lair_end_enchanted_forest, layout_long_grid,
          dpeg_slime_entry_corner, serial_bayou_pond_b

Skill      XL: |  1  2  3  4  5  6  7  8  9 10 11 12 13 14 |
---------------+-------------------------------------------+-----
Axes           | 3 5 6 7 9 10 12 14 16 17 18 | 18.2
Fighting       | 4 5 6 7 8 9 10 11 | 11.0
Shields        | 4 5 6 7 8 9 11 12 | 12.0
Armour         | 4 5 6 7 8 9 10 11 | 11.7
Throwing       | 1 2 3 4 5 6 |  6.3
Evocations     | 1 |  1.7
Maces & Flails | 4 7 |  7.9

Action                   |  1- 3 |  4- 6 |  7- 9 | 10-12 | 13-15 || total
-------------------------+-------+-------+-------+-------+-------++-------
Melee: War axe           |   118 |   102 |   233 |   591 |   116 ||  1160
       Whip              |       |       |       |    18 |   458 ||   476
       Broad axe         |       |       |       |       |   103 ||   103
Throw: Dart              |     5 |    58 |    57 |    64 |    19 ||   203
       Throwing net      |       |       |     1 |     7 |       ||     8
Invok: Berserk           |       |       |       |    10 |    10 ||    20
       Brothers in Arms  |       |       |       |       |     2 ||     2
Evoke: Wand              |       |     1 |       |     5 |    26 ||    32
  Use: Scroll            |     4 |     6 |     5 |     4 |     7 ||    26
       Potion            |     1 |       |     3 |     6 |     2 ||    12
 Stab: Confused          |       |     1 |       |       |       ||     1
       Held in net/web   |       |       |       |     1 |       ||     1
Armor: Scale mail        |    61 |    38 |       |       |       ||    99
       Gold dragon scale |       |    25 |   157 |   418 |   259 ||   859
Dodge: Dodged            |    34 |    25 |    20 |    71 |    57 ||   207
Block: Kite shield       |    78 |    51 |   136 |   347 |   499 ||  1111

Table legend: (Time is in decaauts)
 A = Elapsed time spent in this place.
 B = Non-inter-level travel time spent in this place.
 C = Inter-level travel time spent in this place.
 D = Time resting spent in this place.
 E = Time spent auto-exploring this place.
 F = Levels seen in this place.
 G = Mean time per level.
                   A        B        C        D        E       F      G
               +--------+--------+--------+--------+--------+-----+--------+
         Total |  20474 |  19828 |    646 |   5067 |  11441 |  18 | 1137.4 |
       Dungeon |  11740 |  11347 |    393 |   2619 |   6847 |  10 | 1174.0 |
        Temple |    362 |    222 |    140 |      0 |    221 |   1 |  362.0 |
          Lair |   7913 |   7801 |    112 |   2315 |   4373 |   6 | 1318.8 |
      Gauntlet |    457 |    457 |      0 |    133 |      0 |   1 |  457.0 |
               +--------+--------+--------+--------+--------+-----+--------+

Top non-repeatable levels by time:
     D:6: 2290 daAuts
  Lair:1: 1919 daAuts
  Lair:5: 1754 daAuts
  Lair:2: 1615 daAuts
     D:4: 1608 daAuts
  Lair:4: 1385 daAuts
     D:3: 1270 daAuts
     D:1: 1228 daAuts
     D:9: 1203 daAuts
     D:7: 1151 daAuts
     D:8: 883 daAuts
  Lair:3: 865 daAuts
     D:2: 812 daAuts
    D:10: 649 daAuts
     D:5: 642 daAuts
